 Dungeon Crawl Stone Soup version 0.25-b1-39-g0d900dab71 (webtiles) character file.

Game seed: 12401445485626483556

13117 diana the Fighter (level 11, -4/99 HPs)
             Began as a Demonspawn Fighter on June 7, 2020.
             Was a High Priest of Makhleb.
             Slain by an ogre
             ... wielding a +0 giant spiked club
              (15 damage)
             ... on level 11 of the Dungeon.
             The game lasted 00:16:42 (10188 turns).

diana the Fighter (Demonspawn Fighter)             Turns: 10188, Time: 00:16:42

Health: -4/99      AC: 15    Str: 19    XL:     11   Next: 71%
Magic:  17/17      EV:  8    Int: 15    God:    Makhleb [*****.]
Gold:   217        SH: 11    Dex: 14    Spells: 10/10 levels left

rFire    . . .     SeeInvis .   C - +3 war axe (vorpal)
rCold    + . .     Gourm    .   c - +0 kite shield
rNeg     . . .     Faith    .   a - +2 scale mail {rC+}
rPois    .         Spirit   .   (no helmet)
rElec    .         Reflect  .   k - +0 cloak
rCorr    .         Harm     .   g - +0 pair of gloves
MR       .....                  (no boots)
Stlth    +.........             e - amulet of regeneration
HPRegen  0.66/turn              H - +6 ring of intelligence
MPRegen  0.15/turn              m - +4 ring of slaying

@: no status effects
A: talons 1, rugged brown scales 2, nightstalker 1, powered by pain 1
a: Minor Destruction, Lesser Servant of Makhleb, Major Destruction, Greater
Servant of Makhleb, Renounce Religion


You were on level 11 of the Dungeon.
You worshipped Makhleb.
Makhleb was extremely pleased with you.
You were not hungry.

You visited 2 branches of the dungeon, and saw 12 of its levels.
You visited 1 bazaar.

You collected 511 gold pieces.
You spent 294 gold pieces at shops.

Inventory:

Hand Weapons
 w - a +1 hand axe of flaming
 C - a +3 vorpal war axe (weapon)
Armour
 a - a +2 scale mail of cold resistance (worn)
 c - a +0 kite shield (worn)
 g - a +0 pair of gloves (worn)
 k - a +0 cloak (worn)
Jewellery
 e - an amulet of regeneration (around neck)
 m - a +4 ring of slaying (right hand)
 y - an uncursed ring of positive energy
 D - an uncursed ring of protection from cold
 H - a +6 ring of intelligence (left hand)
Wands
 q - a wand of clouds (10)
 z - a wand of random effects (21)
 G - a wand of polymorph (12)
Scrolls
 h - 3 scrolls of blinking
 i - 7 scrolls of teleportation
 j - 3 scrolls of identify
 l - 5 scrolls of remove curse
 o - 5 scrolls of enchant weapon
 r - a scroll of fog
 u - a scroll of random uselessness
 A - a scroll of immolation
 B - a scroll of amnesia
 I - 3 scrolls of enchant armour
Potions
 d - 3 potions of might
 n - 3 potions of flight {unknown}
 p - 2 potions of brilliance {unknown}
 s - 3 potions of mutation {unknown}
 t - 5 potions of curing
 v - 3 potions of haste {unknown}
 x - a potion of resistance
 E - 3 potions of degeneration {unknown}
 F - a potion of stabbing {unknown}
 J - 2 potions of heal wounds {unknown}
Comestibles
 f - 25 rations


   Skills:
 - Level 11.7 Fighting
 + Level 8.0 Axes
 + Level 8.3 Armour
 + Level 8.2 Shields
 + Level 8.3 Invocations


You had 10 spell levels left.
You didn't know any spells.
Your spell library contained the following spells:

 Spells                   Type           Power        Failure   Level  Hunger
 Confusing Touch          Hex            #.......     99%         3    ####...
 Gell's Gravitas          Tloc           #.........   99%         3    ####...
 Petrify                  Tmut/Erth      #.......     100%        4    #####..
 Metabolic Englaciation   Hex/Ice        #.........   100%        5    ######.
 Yara's Violent Unravell  Hex/Tmut       #.........   100%        5    ######.


Dungeon Overview and Level Annotations

Branches:
Dungeon (11/15)            Temple (1/1) D:6            Lair (0/6) D:9
    Orc: D:9-12

Altars:
Ashenzari
Cheibriados
Dithmenos
Elyvilon
Fedhas
Gozag
Hepliaklqana
Kikubaaqudgha
Makhleb
Nemelex Xobeh
Okawaru
Qazlal
Ru
Sif Muna
Trog
Uskayaw
Vehumet
Wu Jian
Xom
Yredelemnul
Zin
The Shining One
Beogh

Shops:
D:6 }   D:7 [   D:8 (   D:9 }

Annotations:
D:4 3 runed translucent doors, greedy's ghost, novice DsAr


Innate Abilities, Weirdness & Mutations

You have sharp toenails.
You are mostly covered in rugged brown scales. (AC +2, +5% HP)
You are slightly more attuned to the shadows.
You sometimes gain a little power by taking damage.


Message History

The orc hits you but does no damage.
Unknown command.
You hit the orc.
You kill the orc!
Makhleb accepts your kill.
You hit the orc but do no damage. You slash the ogre!
The ogre hits you with a +0 giant spiked club.
* * * LOW HITPOINT WARNING * * *
The orc hits you but does no damage.
You hit the ogre. You claw the ogre.
The ogre is almost dead.
You completely miss the orc.
Your shield and scale mail prevent you from hitting the orc.
You block the orc's attack. The orc hits you but does no damage.
The ogre hits you with a +0 giant spiked club!
* * * LOW HITPOINT WARNING * * *
The orc hits you but does no damage.
You feel better. You block the orc's attack.
The ogre hits you with a +0 giant spiked club!
You die...

#...).....# ## #######.###
##.รท# #..## ###'########
#..........# #.....########
#.....# .....o### #.....#
....oO@)# #.....# ....oo#.#
############ #.....#
....._#.####.........(.
#.....#########......########..
#........>.# ######## #.#
############ #)# ##)# #)))
###...


You could see an ogre and 4 orcs.

Vanquished Creatures
  A hydra (D:8)
  3 ugly things (D:11)
  Joseph (D:7)
  Maggie (D:7)
  A troll (D:11)
  A hornet (D:8)
  2 dream sheep (D:8)
  20 yaks
  Grum (D:9)
  A water moccasin (D:8)
  6 ice beasts
  A black bear (D:9)
  An ogre (D:4)
  A sky beast (D:8)
  14 orc warriors
  A phantom (D:5)
  7 centaurs
  4 wolves (D:9)
  5 big kobolds
  5 bullfrogs
  2 scorpions
  A water moccasin skeleton (D:8)
  9 killer bees
  8 wights
  6 howler monkeys
  A bullfrog zombie (D:11)
  3 crimson imps
  A hound (D:11)
  4 jellies
  17 orc wizards
  2 bullfrog skeletons
  2 centaur skeletons
  10 orc priests
  2 iguanas
  Terence (D:2)
  2 worker ants
  A hound skeleton (D:6)
  2 worker ant zombies
  8 adders
  11 gnolls
  2 shadow imps
  An ooze (D:3)
  An adder skeleton (D:7)
  An adder zombie (D:6)
  5 worms
  2 dart slugs
  3 leopard geckos
  61 orcs
  4 giant cockroaches
  9 goblins
  5 hobgoblins
  17 jackals
  23 kobolds
  A quokka (D:7)
  11 bats
  8 frilled lizards
  A jackal skeleton (D:7)
  A leopard gecko skeleton (D:6)
  A quokka skeleton (D:2)
  8 rats (D:1)
335 creatures vanquished.

Vanquished Creatures (collateral kills)
  A troll (D:11)
1 creature vanquished.

Vanquished Creatures (others)
  An ugly thing (D:11)
  A sky beast (D:11)
  A fungus (D:9)
  A plant (D:9)
4 creatures vanquished.

Grand Total: 340 creatures vanquished

Notes
Turn   | Place    | Note
-------+----------+-------------------------------------------
     0 | D:1      | diana the Demonspawn Fighter began the quest for the Orb.
     0 | D:1      | Reached XP level 1. HP: 18/18 MP: 1/1
    40 | D:1      | Gained mutation: You sometimes gain a little power by
                  | taking damage. [demonic ancestry]
    40 | D:1      | Reached XP level 2. HP: 23/24 MP: 2/2
   851 | D:1      | Reached XP level 3. HP: 28/29 MP: 3/3
  1154 | D:2      | Found a radiant altar of Vehumet.
  1396 | D:2      | Noticed Terence
  1403 | D:2      | Killed Terence
  1403 | D:2      | Reached XP level 4. HP: 32/35 MP: 4/4
  1450 | D:2      | Found a stormy altar of Qazlal.
  1913 | D:3      | Reached skill level 11 in Fighting
  1913 | D:3      | Gained mutation: You are slightly more attuned to the
                  | shadows. [demonic ancestry]
  1913 | D:3      | Reached XP level 5. HP: 20/57 MP: 5/5
  2061 | D:3      | Reached XP level 6. HP: 63/63 MP: 6/6
  2782 | D:4      | Found a runed translucent gate.
  2783 | D:4      | Found a runed translucent gate.
  2784 | D:4      | Found a runed translucent gate.
  2953 | D:4      | Gained mutation: You are partially covered in rugged brown
                  | scales. (AC +1, +3% HP) [demonic ancestry]
  2953 | D:4      | Reached XP level 7. HP: 56/71 MP: 7/7
  3306 | D:4      | Noticed greedy's ghost (novice DsAr)
  3318 | D:5      | Entered Level 5 of the Dungeon
  3346 | D:5      | Found a hazy altar of Hepliaklqana.
  4257 | D:6      | Reached XP level 8. HP: 63/78 MP: 8/8
  4531 | D:6      | Found Buddeet's Gadget Shop.
  4540 | D:6      | Found a staircase to the Ecumenical Temple.
  4568 | Temple   | Entered the Ecumenical Temple
  4858 | Temple   | Became a worshipper of Makhleb the Destroyer
  4878 | D:6      | Reached skill level 5 in Armour
  4878 | D:6      | Reached skill level 5 in Shields
  5471 | D:7      | Found a shattered altar of Ashenzari.
  5514 | D:7      | Reached * piety under Makhleb
  5668 | D:7      | Noticed Maggie
  5678 | D:7      | Killed Maggie
  5678 | D:7      | Reached skill level 5 in Axes
  5678 | D:7      | Reached XP level 9. HP: 63/84 MP: 9/9
  5772 | D:7      | Noticed Joseph
  5793 | D:7      | Killed Joseph
  5910 | D:7      | Found Fiamierr's Armour Shop.
  6416 | D:8      | Paralysed by a hornet for 1 turns
  6418 | D:8      | Reached skill level 1 in Invocations
  6475 | D:8      | Found a sacrificial altar of Ru.
  6523 | D:8      | Reached ** piety under Makhleb
  6685 | D:8      | Got an ichor-stained chain mail
  6696 | D:8      | Identified the cursed +1 chain mail "Caidd" {rPois} (You
                  | found it on level 8 of the Dungeon)
  6735 | D:8      | Gained mutation: You have sharp toenails. [demonic
                  | ancestry]
  6735 | D:8      | Reached XP level 10. HP: 91/91 MP: 12/12
  6767 | D:8      | Noticed a two-headed hydra
  6772 | D:8      | Killed a one-headed hydra
  6897 | D:8      | Found a shadowy altar of Dithmenos.
  6931 | D:8      | Found Piunoup's Antique Weapon Shop.
  7229 | D:9      | Reached *** piety under Makhleb
  7229 | D:9      | Reached skill level 5 in Invocations
  7230 | D:9      | Noticed Grum
  7264 | D:9      | Killed Grum
  7467 | D:9      | Found a staircase to the Lair.
  7542 | D:9      | Found Reilefed's Gadget Shoppe.
  7840 | D:9      | Found a basalt altar of Yredelemnul.
  8166 | D:9      | Found a snail-covered altar of Cheibriados.
  8397 | D:10     | Entered Level 10 of the Dungeon
  8530 | D:10     | Gained mutation: You are mostly covered in rugged brown
                  | scales. (AC +2, +5% HP) [demonic ancestry]
  8530 | D:10     | Reached XP level 11. HP: 74/99 MP: 15/15
  8541 | D:10     | Reached **** piety under Makhleb
  9246 | D:11     | Noticed a brown ugly thing
  9251 | D:11     | Killed a brown ugly thing
  9280 | D:11     | Killed a brown ugly thing
  9351 | D:11     | Noticed a white ugly thing
  9355 | D:11     | Killed a white ugly thing
  9473 | D:11     | Found a flickering gateway to a bazaar.
  9483 | Bazaar   | Entered a bazaar
  9483 | Bazaar   | Found Xybawn's General Store.
  9544 | Bazaar   | Found Ulebolocw's Jewellery Boutique.
  9544 | Bazaar   | Found Hoti's Antique Armour Boutique.
  9564 | Bazaar   | Found Utij's Magic Scroll Emporium.
  9581 | Bazaar   | Found Ywkuymm's Antique Weapon Shop.
  9682 | Bazaar   | Bought a glowing broad axe for 133 gold pieces
  9719 | Bazaar   | Bought a scroll of blinking for 67 gold pieces
  9719 | Bazaar   | Bought a scroll of enchant armour for 67 gold pieces
  9719 | Bazaar   | Bought a scroll of teleportation for 27 gold pieces
  9920 | D:11     | Noticed a red ugly thing
  9936 | D:11     | Killed a red ugly thing
 10169 | D:11     | Reached ***** piety under Makhleb
 10182 | D:11     | Found a roughly hewn altar of Beogh.
 10188 | D:11     | Slain by an ogre

Illustrated notes

Levels and vault maps discovered:
D:1:      mrwooster_arrival_statue, layout_basic, nrook_uturn, minmay_ruptured
D:2:      layout_basic, vehumet_crystals, lemuel_doored_altar, uniq_terence
D:3:      layout_basic, serial_corexii_hall, chequers_hall_statues_corner_a,
          corexii_hall_statues_deadend
D:4:      layout_cave_pools, first_ration, ebering_ghost_rock_garden
D:5:      layout_basic, lemuel_coloured_pillars_altar
D:6:      layout_layer_cave, minmay_temple_entry_butterflies, serial_shops, shop
D:7:      layout_cave_pods, ashenzari_altar_1, serial_shops, shop, uniq_maggie,
          uniq_joseph
D:8:      layout_loops_ring, nicolae_ru_great_annihilating_truth,
          grunt_dithmenos_shadows, serial_shops,
          nicolae_shop_overgrown_old_shop, hangedman_ranch
          [blue_anna_fruit_fields], st_stairs_8
D:9:      layout_layer_cave, overflow_temple_1_default, slow_altar_1,
          dpeg_oklobed_lair, serial_shops, nicolae_shop_waterfront, uniq_grum
D:10:     layout_long_grid
D:11:     layout_roguey, special_room [special_room_orc], serial_shops,
          freezing_bzr
Temple:   eino_narrow_crystal_temple

Skill      XL: |  1  2  3  4  5  6  7  8  9 10 11 |
---------------+----------------------------------+-----
Axes           | 2 3 5 7 8 |  8.0
Armour         | 3 4 5 6 7 8 |  8.3
Shields        | 3 4 5 6 7 8 |  8.2
Fighting       | 11 | 11.7
Invocations    | 3 6 8 |  8.3

Action                   |  1- 3 |  4- 6 |  7- 9 | 10-12 || total
-------------------------+-------+-------+-------+-------++-------
Melee: War axe           |    96 |   112 |   264 |   299 ||   771
       Kick              |       |       |       |    96 ||    96
       Hand axe          |       |       |       |     8 ||     8
       Broad axe         |       |       |       |     8 ||     8
Invok: Lesser Servant of |       |       |       |     1 ||     1
  Use: Potion            |       |     2 |     3 |     1 ||     6
       Scroll            |       |     2 |     1 |     9 ||    12
 Stab: Sleeping          |       |       |     3 |     2 ||     5
       Paralysed         |       |       |       |     1 ||     1
  Eat: Chunk             |     2 |     5 |     9 |    11 ||    27
       Ration            |       |       |     1 |       ||     1
Armor: Scale mail        |    62 |    66 |    80 |   111 ||   319
       Skin              |       |     6 |       |       ||     6
       Plate armour      |       |       |    44 |       ||    44
Dodge: Dodged            |    36 |    33 |    70 |    97 ||   236
Block: Kite shield       |    57 |    49 |   162 |   193 ||   461
